[ AOE2 MATCH · #507827500 ]
UnrankedJapanese vs Spanish
Player's team · LOSS
Rival team · WIN
[ REPLAY ANALYSIS · EXTRACTED FROM THE RECORDED GAME ]
Feudal
8:50
Castle
—
Imperial
—
| APM avg | 48.8 |
| APM peak | 73 |
| eAPM avg | 19.7 |
| Villagers / military | 33 / 7 |
Focus
⚔️ 49.1% · 🌾 50.9%
Scout Cavalry ×6 · Spearman ×1
Feudal
11:35
Castle
16:25
Imperial
—
| APM avg | 45.3 |
| APM peak | 71 |
| eAPM avg | 15.6 |
| Villagers / military | 30 / 12 |
Focus
⚔️ 24.1% · 🌾 75.9%
Conquistador ×12
Match map
Initial resources + every placement click. Lines = walls · curves = elevation contours. ◆ gold · ⬟ stone · ● berries · ✦ relic · ◌ wall gap
Your base· Open — unwalled flank
Nepukad's base· Open — unwalled flank
Smoothed initial terrain · ◌ = detected wall gap · hover for details
Inputs per minute
— DGHIR | Lukera - - Nepukad
Build order — DGHIR | Lukera
100 actions detected in the replay
| 0:01 | Queue | Villager (Male) |
| 0:01 | Queue | Villager (Male) |
| 0:01 | Queue | Villager (Male) |
| 0:02 | Build | House |
| 0:04 | Build | House |
| 0:06 | Queue | Villager (Male) |
| 0:07 | Queue | Villager (Male) |
| 1:26 | Queue | Villager (Male) |
| 1:27 | Queue | Villager (Male) |
| 1:48 | Build | Lumber Camp |
| 1:52 | Build | Lumber Camp |
| 1:57 | Build | Lumber Camp |
| 2:00 | Queue | Villager (Male) |
| 2:17 | Queue | Villager (Male) |
| 2:52 | Queue | Villager (Male) |
| 3:14 | Queue | Villager (Male) |
| 3:14 | Queue | Villager (Male) |
| 3:45 | Queue | Villager (Male) |
| 3:55 | Queue | Villager (Male) |
| 4:18 | Build | House |
| 4:26 | Queue | Villager (Male) |
| 5:01 | Queue | Villager (Male) |
| 5:24 | Queue | Villager (Male) |
| 5:47 | Queue | Villager (Male) |
| 5:53 | Build | Mill |
| 6:40 | Research | Feudal Age |
| 7:34 | Build | Barracks |
| 7:41 | Build | House |
| 8:50 | Age | Feudal Age |
| 8:51 | Queue | Villager (Male) |
| 8:54 | Build | Stable |
| 8:58 | Research | Double-Bit Axe |
| 9:04 | Queue | Spearman |
| 9:09 | Queue | Villager (Male) |
| 9:18 | Research | Loom |
| 9:44 | Queue | Scout Cavalry |
| 9:45 | Queue | Scout Cavalry |
| 9:52 | Build | Watch Tower |
| 10:20 | Build | Watch Tower |
| 10:28 | Build | Mining Camp |
| 10:31 | Queue | Villager (Male) |
| 10:37 | Build | House |
| 10:39 | Build | House |
| 10:41 | Build | House |
| 10:45 | Build | Palisade Wall |
| 11:02 | Queue | Villager (Male) |
| 11:30 | Queue | Scout Cavalry |
| 11:30 | Queue | Scout Cavalry |
| 11:49 | Build | Watch Tower |
| 12:22 | Queue | Villager (Male) |
| 12:32 | Build | Farm |
| 12:33 | Build | Farm |
| 12:34 | Build | Farm |
| 12:37 | Build | Farm |
| 12:38 | Queue | Scout Cavalry |
| 12:40 | Build | Farm |
| 13:16 | Build | Watch Tower |
| 13:29 | Build | Watch Tower |
| 13:36 | Queue | Villager (Male) |
| 13:42 | Build | Farm |
| 13:43 | Build | Farm |
| 13:44 | Queue | Villager (Male) |
| 14:01 | Build | House |
| 14:04 | Build | House |
| 14:30 | Build | Stone Wall |
| 14:31 | Build | Stone Wall |
| 14:55 | Build | House |
| 15:19 | Queue | Villager (Male) |
| 15:23 | Build | Farm |
| 15:43 | Build | Palisade Gate |
| 15:51 | Build | Palisade Gate |
| 15:56 | Build | Watch Tower |
| 16:09 | Queue | Villager (Male) |
| 16:25 | Build | Mining Camp |
| 16:26 | Queue | Villager (Male) |
| 16:53 | Queue | Villager (Male) |
| 17:24 | Build | Stone Wall |
| 17:24 | Build | Stone Wall |
| 17:39 | Queue | Villager (Male) |
| 17:50 | Queue | Villager (Male) |
| 18:04 | Build | Watch Tower |
| 18:11 | Build | Watch Tower |
| 18:31 | Build | House |
| 18:32 | Build | House |
| 18:44 | Build | Market |
| 18:54 | Build | Watch Tower |
| 18:58 | Build | Watch Tower |
| 19:00 | Build | Palisade Wall |
| 19:02 | Build | Palisade Wall |
| 19:02 | Build | Palisade Wall |
| 19:33 | Build | Watch Tower |
| 20:11 | Build | Lumber Camp |
| 20:17 | Build | Watch Tower |
| 20:40 | Build | Stone Wall |
| 20:50 | Research | Castle Age |
| 20:50 | Research | Castle Age |
| 20:51 | Queue | Villager (Male) |
| 21:04 | Queue | Villager (Male) |
| 21:32 | Queue | Scout Cavalry |
| 21:37 | Build | House |
Build order — Nepukad
79 actions detected in the replay
| 0:00 | Queue | Villager (Male) |
| 0:01 | Queue | Villager (Male) |
| 0:01 | Queue | Villager (Male) |
| 0:02 | Build | House |
| 0:03 | Build | House |
| 0:22 | Queue | Villager (Male) |
| 1:31 | Queue | Villager (Male) |
| 2:04 | Queue | Villager (Male) |
| 2:04 | Queue | Villager (Male) |
| 2:20 | Queue | Villager (Male) |
| 2:20 | Queue | Villager (Male) |
| 2:35 | Build | Lumber Camp |
| 2:46 | Queue | Villager (Male) |
| 2:46 | Queue | Villager (Male) |
| 3:29 | Queue | Villager (Male) |
| 3:30 | Queue | Villager (Male) |
| 3:35 | Queue | Villager (Male) |
| 3:39 | Build | House |
| 4:27 | Queue | Villager (Male) |
| 4:28 | Queue | Villager (Male) |
| 4:55 | Build | Mining Camp |
| 4:57 | Queue | Villager (Male) |
| 4:57 | Queue | Villager (Male) |
| 5:30 | Build | House |
| 5:36 | Build | Palisade Wall |
| 5:37 | Build | Palisade Wall |
| 6:01 | Queue | Villager (Male) |
| 6:01 | Queue | Villager (Male) |
| 6:17 | Queue | Villager (Male) |
| 6:34 | Build | Palisade Wall |
| 6:41 | Build | Palisade Wall |
| 6:44 | Build | Palisade Wall |
| 6:58 | Build | Mill |
| 7:31 | Queue | Villager (Male) |
| 7:31 | Queue | Villager (Male) |
| 7:33 | Research | Loom |
| 9:25 | Research | Feudal Age |
| 11:02 | Build | Palisade Wall |
| 11:35 | Age | Feudal Age |
| 11:44 | Build | Market |
| 11:46 | Build | Blacksmith |
| 12:20 | Build | House |
| 12:48 | Queue | Villager (Male) |
| 13:45 | Research | Castle Age |
| 14:46 | Research | Double-Bit Axe |
| 14:54 | Build | Farm |
| 14:59 | Build | Farm |
| 15:06 | Build | Farm |
| 15:15 | Build | Farm |
| 15:28 | Build | Farm |
| 15:47 | Build | Farm |
| 16:06 | Build | Farm |
| 16:25 | Age | Castle Age |
| 16:29 | Build | Castle |
| 16:39 | Queue | Villager (Male) |
| 17:12 | Queue | Conquistador |
| 17:12 | Queue | Conquistador |
| 17:50 | Queue | Conquistador |
| 17:50 | Queue | Conquistador |
| 17:55 | Build | Lumber Camp |
| 18:39 | Queue | Conquistador |
| 18:39 | Queue | Conquistador |
| 18:43 | Build | Mining Camp |
| 18:45 | Queue | Villager (Male) |
| 18:57 | Build | Farm |
| 19:04 | Build | Farm |
| 19:20 | Build | Farm |
| 19:31 | Queue | Conquistador |
| 19:35 | Queue | Villager (Male) |
| 19:50 | Queue | Conquistador |
| 19:50 | Queue | Conquistador |
| 20:04 | Build | Farm |
| 20:06 | Build | Farm |
| 20:07 | Queue | Villager (Male) |
| 21:11 | Build | Siege Workshop |
| 21:12 | Queue | Villager (Male) |
| 21:13 | Queue | Villager (Male) |
| 21:17 | Research | Padded Archer Armor |
| 21:26 | Queue | Conquistador ×3 |
Match timeline
| 5:36 | Nepukad · wall_segment Palisade Wall x1 |
| 5:37 | Nepukad · wall_segment Palisade Wall x1 |
| 6:34 | Nepukad · wall_segment Palisade Wall x2 |
| 6:41 | Nepukad · wall_segment Palisade Wall x4 |
| 6:44 | Nepukad · wall_segment Palisade Wall x3 |
| 7:34 | DGHIR | Lukera · first_building Barracks |
| 8:50 | DGHIR | Lukera · age_up feudal |
| 8:54 | DGHIR | Lukera · first_building Stable |
| 10:45 | DGHIR | Lukera · wall_segment Palisade Wall x1 |
| 11:02 | Nepukad · wall_segment Palisade Wall x4 |
| 11:35 | Nepukad · age_up feudal |
| 12:40 | Nepukad · first_market_sell 100 wood |
| 14:30 | DGHIR | Lukera · wall_segment Stone Wall x1 |
| 14:31 | DGHIR | Lukera · wall_segment Stone Wall x1 |
| 16:25 | Nepukad · age_up castle |
| 16:29 | Nepukad · first_building Castle |
| 17:24 | DGHIR | Lukera · wall_segment Stone Wall x1 |
| 17:24 | DGHIR | Lukera · wall_segment Stone Wall x1 |
| 19:00 | DGHIR | Lukera · wall_segment Palisade Wall x1 |
| 19:02 | DGHIR | Lukera · wall_segment Palisade Wall x2 |
| 19:02 | DGHIR | Lukera · wall_segment Palisade Wall x1 |
| 19:12 | DGHIR | Lukera · first_market_sell 100 food |
| 20:40 | DGHIR | Lukera · wall_segment Stone Wall x1 |
| 21:11 | Nepukad · first_building Siege Workshop |
| 22:00 | DGHIR | Lukera · resign |
[ AI ANALYSIS · 1 CREDIT ]
What really happened in this match?
Wolo.gg analyzes every decision: build order, eco, micro, common mistakes by bracket. Personalized analysis on WhatsApp or Discord in 30 seconds.
Civ guide
Japanese
Perfil
Jugador #5124028